 Dungeon Crawl Stone Soup version 0.29-a0-559-g359e09b (webtiles) character file.

Game seed: 7257823777884409145

6850 Illumine the Carver (level 10, -1/80 HPs)
             Began as a Demonspawn Cinder Acolyte on June 9, 2022.
             Was a Priest of Ignis.
             Slain by a two-headed ogre
             ... wielding a +0 giant club
              (12 damage)
             ... on level 11 of the Dungeon.
             The game lasted 00:18:47 (11115 turns).

Illumine the Carver (Demonspawn Cinder Acolyte)    Turns: 11115, Time: 00:18:47

Health: -1/80      AC: 22    Str: 16    XL:     10   Next: 78%
Magic:  11/11      EV:  3    Int: 18    God:    Ignis [***...]
Gold:   157        SH: 11    Dex: 11    Spells: 9/11 levels left

rFire   + . .      SeeInvis .   I - +2 long sword (freeze)
rCold   + . .      Faith    .   O - +0 tower shield
rNeg    + . .      Spirit   .   N - +6 chain mail of Daint {rC+}
rPois   .          Reflect  .   (helmet restricted)
rElec   .          Harm     .   (no cloak)
rCorr   .          Rampage  .   f - +0 pair of gloves
Will    .....                   d - +0 pair of boots
Stlth   ..........              (no amulet)
HPRegen 0.23/turn               z - ring of positive energy
MPRegen 0.24/turn               A - +4 ring of protection

@: no status effects
A: horns 1, powered by death 2, magic regeneration, big brain 1
a: Renounce Religion, Fiery Armour, Foxfire Swarm, Rising Flame


You were on level 11 of the Dungeon.
You worshipped Ignis.
Ignis was most pleased with you.
You visited 1 branch of the dungeon, and saw 11 of its levels.

You collected 547 gold pieces.
You spent 390 gold pieces at shops.

Inventory:

Hand Weapons
 a - a +1 falchion of flaming
 b - a +0 hunting sling
 H - a +0 great sword
 I - a +2 long sword of freezing (weapon)
Missiles
 x - 4 javelins
 E - 30 poisoned darts (quivered)
 F - 8 boomerangs
 L - a throwing net
Armour
 d - a +0 pair of boots (worn)
 f - a +0 pair of gloves (worn)
 o - an orb of wrath
 N - the +6 chain mail of Daint (worn) {rC+}
   (You bought it in a shop on level 9 of the Dungeon)

   rC:        It protects you from cold.
 O - a +0 tower shield (worn)
Jewellery
 z - a ring of positive energy (left hand)
 A - a +4 ring of protection (right hand)
 Q - a ring of flight
Wands
 e - a wand of iceblast (6)
 s - a wand of charming (4)
 y - a wand of digging (1)
 B - a wand of flame (17)
 J - a wand of acid (20)
Scrolls
 c - 2 scrolls of noise
 l - a scroll of amnesia
 n - 4 scrolls of teleportation
 p - a scroll of fog {unknown}
 q - a scroll of acquirement {unknown}
 t - a scroll of torment {unknown}
 u - 2 scrolls of blinking {unknown}
 C - 3 scrolls of poison {unknown}
 D - a scroll of enchant armour {unknown}
 P - a scroll of identify
Potions
 g - 4 potions of haste
 h - 6 potions of curing
 i - a potion of mutation {unknown}
 k - 2 potions of heal wounds
 m - 4 potions of flight
 r - 2 potions of might
 v - a potion of brilliance
 w - 3 potions of lignification
 K - 3 potions of degeneration {unknown}
 M - a potion of attraction {unknown}


   Skills:
 + Level 8.0 Fighting
 - Level 10.0 Long Blades
 - Level 4.0 Throwing
 - Level 6.0 Armour
 - Level 1.0 Dodging
 * Level 2.7 Shields
 - Level 1.0 Spellcasting
 - Level 2.6 Fire Magic
 - Level 5.5 Evocations


You had 9 spell levels left.
You knew the following spells:

 Your Spells              Type           Power      Damage    Failure   Level
a - Scorch                Fire           20%        2d6       100%        2

Your spell library contained the following spells:

 Spells                   Type           Power      Damage    Failure   Level
 Apportation              Tloc           0%         N/A       100%        1
 Magic Dart               Conj           0%         1d3       100%        1
 Necrotize                Necr           0%         1d4       100%        1
 Sting                    Tmut/Pois      0%         1d3       100%        1
 Summon Small Mammal      Summ           0%         N/A       100%        1
 Poisonous Vapours        Pois/Air       0%         N/A       100%        2
 Searing Ray              Conj           0%         2d4       100%        2
 Sublimation of Blood     Necr           0%         N/A       100%        2
 Wereblood                Tmut           0%         N/A       100%        2
 Fulminant Prism          Conj/Hex       0%         3d6       100%        4
 Olgreb's Toxic Radiance  Pois           0%         N/A       100%        4
 Summon Hydra             Summ           0%         N/A       100%        7


Dungeon Overview and Level Annotations

Branches:
Dungeon (11/15)            Temple (0/1) D:7            Lair (0/6) D:11
    Orc: D:9-12

Altars:
Ashenzari
Cheibriados
Gozag
Okawaru
Qazlal
Sif Muna
Trog
Uskayaw
Wu Jian
Zin

Shops:
D:2 [   D:3 [   D:9 [:[*[

Annotations:
D:5 Edmund


Innate Abilities, Weirdness & Mutations

You have a pair of small horns on your head.
You regenerate health from kills.
You regenerate magic rapidly.
You have an unusually large brain. (Int +2)


Message History

Unknown command.
Throw: 32 darts (poison)
Press: ? - help, Q - select action, (/) - cycle Shift-Dir - straight line, f/p - two-headed ogre
Aim: a two-headed ogre, wielding two +0 giant clubs (77% to hit)
You throw a poisoned dart.
The poisoned dart hits the two-headed ogre.
The two-headed ogre is poisoned.
Throw: 31 darts (poison)
Press: ? - help, Q - select action, (/) - cycle Shift-Dir - straight line, f/p - two-headed ogre
Aim: a two-headed ogre, wielding two +0 giant clubs (lightly wounded, poisoned, 77% to hit)
You throw a poisoned dart.
The poisoned dart closely misses the two-headed ogre.
You hit the two-headed ogre. You freeze the two-headed ogre.
The two-headed ogre is lightly wounded.
The two-headed ogre hits you with a +0 giant club!!
You block the two-headed ogre's attack.
You hit the two-headed ogre. You freeze the two-headed ogre.
The two-headed ogre is moderately wounded.
The two-headed ogre hits you with a +0 giant club!
You block the two-headed ogre's attack.
You hit the two-headed ogre. You freeze the two-headed ogre.
You headbutt the two-headed ogre.
The two-headed ogre is heavily wounded.
The two-headed ogre hits you with a +0 giant club! x2
You hit the two-headed ogre. You freeze the two-headed ogre.
Your headbutt misses the two-headed ogre.
The two-headed ogre is heavily wounded.
You block the two-headed ogre's attack.
The two-headed ogre hits you but does no damage.
You barely miss the two-headed ogre. You headbutt the two-headed ogre!
The two-headed ogre is severely wounded.
The two-headed ogre looks more healthy.
The two-headed ogre hits you with a +0 giant club!!
* * * LOW HITPOINT WARNING * * *
The two-headed ogre hits you but does no damage.
You barely miss the two-headed ogre.
The two-headed ogre is severely wounded.
Something unseen opens the door.
The two-headed ogre hits you with a +0 giant club!
You die...

*,** *,,,,,,,* *,,, *,,****
***,***** *,,, **,,,,* *,,* ****
****,* **,# **########+###
****'##**** ,,<..........#
*,,....,,,* ** ,,...........#
*,.....,,,* *, ,,...........#
###......,,,* *,
,,.......<...###@O.(...(,,,* *,
,,...........#.>.#......,,,*****,
,,...........#.###,..$..,,,+,,,+,
,,...........'.# *,,....,,,*****,
,,...........### *,,,...,,,* *,
,,...........# *,,,,..,,,* **
**########+### *,,,,,.,,,* **,,,*
*,,,,,,,,,* *,,*** *****+*****


You could see a two-headed ogre.

Vanquished Creatures
  A centaur warrior (D:8)
  A two-headed ogre (D:10)
  A wyvern (D:9)
  7 yaks
  Eustachio (D:6)
  A steam dragon (D:9)
  An acid dragon (D:7)
  A water moccasin (D:6)
  A black bear (D:6)
  6 orc warriors
  A sky beast (D:6)
  An ice beast (D:8)
  An ogre (D:6)
  2 phantoms (D:6)
  4 centaurs
  3 kobold brigands (D:8)
  3 bullfrogs
  A gnoll sergeant (D:8)
  4 scorpions
  8 wights (D:8)
  8 killer bees (D:8)
  2 howler monkeys
  2 jellies (D:7)
  2 hounds (D:4)
  A gnoll shaman (D:7)
  12 orc priests
  4 iguanas
  Natasha (thrice) (D:4)
  7 orc wizards
  8 gnolls
  4 adders
  A white imp (D:7)
  An ufetubus (D:5)
  4 worms
  3 dart slugs (D:2)
  27 orcs
  6 endoplasms
  2 giant cockroaches (D:3)
  11 hobgoblins
  2 jackals (D:4)
  27 kobolds
  3 quokkas
  6 ball pythons
  7 bats
  A frilled lizard (D:1)
  9 goblins
  8 rats
220 creatures vanquished.

Vanquished Creatures (others)
  A kobold brigand (D:8)
  An orc wizard (D:9)
  3 plants (D:2)
5 creatures vanquished.

Grand Total: 225 creatures vanquished

Notes
Turn   | Place    | Note
-------+----------+-------------------------------------------
     0 | D:1      | Illumine the Demonspawn Cinder Acolyte began the quest for
                  | the Orb.
     0 | D:1      | Reached XP level 1. HP: 18/18 MP: 2/2
   463 | D:1      | Reached skill level 3 in Long Blades
   750 | D:1      | Gained mutation: You have a pair of small horns on your
                  | head. [demonic ancestry]
   750 | D:1      | Reached XP level 2. HP: 20/24 MP: 3/3
  1009 | D:1      | Found a faded altar of an unknown god.
  1882 | D:2      | Gained mutation: You have an unusually large brain. (Int
                  | +2) [demonic ancestry]
  1882 | D:2      | Reached XP level 3. HP: 28/29 MP: 4/4
  2412 | D:2      | Found Hublis's Antique Armour Boutique.
  2425 | D:2      | Found a snail-covered altar of Cheibriados.
  3224 | D:3      | Found a shimmering blue altar of Sif Muna.
  3237 | D:3      | Learned a level 2 spell: Scorch
  3296 | D:3      | Reached skill level 1 in Dodging
  3296 | D:3      | Gained mutation: You regenerate a little health from kills.
                  | [demonic ancestry]
  3296 | D:3      | Reached XP level 4. HP: 33/36 MP: 5/5
  3405 | D:3      | Found Engo's Antique Armour Shop.
  3503 | D:3      | Reached skill level 4 in Long Blades
  3893 | D:4      | Noticed a scorpion
  3900 | D:4      | Killed a scorpion
  3901 | D:4      | Reached skill level 1 in Armour
  3901 | D:4      | Gained mutation: You regenerate magic rapidly. [demonic
                  | ancestry]
  3901 | D:4      | Reached XP level 5. HP: 42/42 MP: 6/6
  4204 | D:4      | Noticed Natasha
  4223 | D:4      | Killed Natasha
  4530 | D:4      | Found an ornate altar of the Wu Jian Council.
  4592 | D:4      | Found an opulent altar of Gozag.
  4630 | D:4      | Noticed Natasha
  4639 | D:4      | Killed Natasha
  4640 | D:4      | Reached XP level 6. HP: 41/48 MP: 7/7
  4749 | D:4      | Found an ornate altar of the Wu Jian Council.
  4869 | D:4      | Noticed Natasha
  4887 | D:4      | Killed Natasha
  4888 | D:4      | Reached skill level 5 in Long Blades
  4920 | D:5      | Entered Level 5 of the Dungeon
  4922 | D:5      | Noticed Edmund
  5107 | D:6      | Noticed a water moccasin
  5115 | D:6      | Killed a water moccasin
  5179 | D:6      | Gained mutation: You regenerate health from kills. [demonic
                  | ancestry]
  5179 | D:6      | Reached XP level 7. HP: 46/55 MP: 8/8
  5285 | D:6      | Reached skill level 5 in Fighting
  5358 | D:6      | Reached skill level 6 in Long Blades
  5580 | D:6      | Reached skill level 1 in Evocations
  5852 | D:6      | Reached XP level 8. HP: 53/63 MP: 9/9
  6038 | D:6      | Noticed Eustachio
  6079 | D:6      | Killed Eustachio
  6364 | D:6      | Reached skill level 7 in Long Blades
  6870 | D:7      | Found a stormy altar of Qazlal.
  7616 | D:7      | Found a staircase to the Ecumenical Temple.
  7690 | D:7      | Reached XP level 9. HP: 68/70 MP: 10/10
  8224 | D:8      | Reached skill level 8 in Long Blades
  8365 | D:8      | Noticed a centaur warrior
  8390 | D:8      | Killed a centaur warrior
  8391 | D:8      | Reached skill level 1 in Throwing
  8391 | D:8      | Reached skill level 5 in Armour
  8461 | D:8      | Reached skill level 9 in Long Blades
  8580 | D:8      | Reached XP level 10. HP: 54/79 MP: 11/11
  8595 | D:8      | Reached skill level 5 in Evocations
  9104 | D:9      | Found Reipaal's Book Emporium.
  9345 | D:9      | Found Rurruv's Antique Armour Emporium.
  9352 | D:9      | Bought a spiked chain mail for 285 gold pieces
  9352 | D:9      | Identified the +6 chain mail of Daint {rC+} (You bought it
                  | in a shop on level 9 of the Dungeon)
  9419 | D:9      | Found Zolosugiul's General Store.
  9422 | D:9      | Bought a scroll of teleportation for 51 gold pieces
  9647 | D:9      | Found Xakkoic's Armour Shoppe.
  9653 | D:9      | Bought a +0 tower shield for 54 gold pieces
  9759 | D:9      | Found Qeupoer's Antique Armour Shop.
  9839 | D:9      | Found a snail-covered altar of Cheibriados.
 10082 | D:10     | Entered Level 10 of the Dungeon
 10082 | D:10     | Found a broken altar of Ashenzari.
 10123 | D:10     | Found an iron altar of Okawaru.
 10181 | D:10     | Reached skill level 1 in Shields
 10200 | D:10     | Found a hide-covered altar of Uskayaw.
 10217 | D:10     | Found a bloodstained altar of Trog.
 10325 | D:10     | Noticed a two-headed ogre
 10336 | D:10     | Killed a two-headed ogre
 10337 | D:10     | Reached skill level 10 in Long Blades
 11106 | D:11     | Noticed a two-headed ogre
 11115 | D:11     | Slain by a two-headed ogre

Illustrated notes

Levels and vault maps discovered:
D:1:      dpeg_arrival_long_road, layout_loops_corners,
          ebering_ecumenical_altar_mist, minmay_misc_feat_ornament
D:2:      layout_loops_ring, basic_altar, serial_shops,
          nicolae_shop_overgrown_old_shop
D:3:      layout_rooms, mainiacjoe_overflow_paths, serial_shops,
          nicolae_shop_temple_entry_statues_fountains
D:4:      layout_gridville, pdpol_temple_overflow_zin_treasury_gozag_greed,
          mainiacjoe_overflow_brackets, minmay_statues_item, uniq_natasha
D:5:      layout_cave_pools, tso_oasis_becter, kennysheep_generic_room_6,
          uniq_edmund, uniq_sigmund
D:6:      layout_basic, uniq_eustachio
D:7:      layout_basic, mainiacjoe_overflow_tiny_flanked,
          minmay_temple_entry_proselytizer
D:8:      layout_basic, hangedman_decor_opposing, grunt_potential
D:9:      layout_basic, general_overflow_altar, serial_shops,
          nicolae_shop_statue_plus, nicolae_shop_stone, kennysheep_mini, shop,
          nicolae_shop_statue_plus
D:10:     layout_irregular_city, trog_three_pillars_becter,
          nicolae_uskayaw_murder_on_the_dancefloor,
          mainiacjoe_overflow_large_starburst
D:11:     layout_roguey, lair_entry_dummy, portal_ice_cave_demonic_guard

Skill      XL: |  1  2  3  4  5  6  7  8  9 10 |
---------------+-------------------------------+-----
Long Blades    | 3 4 5 6 7 9 10 | 10.0
Dodging        | 1 |  1.0
Armour         | 1 2 3 4 5 6 |  6.0
Fighting       | 4 5 6 7 8 |  8.0
Evocations     | 1 3 4 5 |  5.5
Throwing       | 2 4 |  4.0
Shields        | 2 |  2.7
Spellcasting   | |  1.0
Fire Magic     | |  2.6

Action                   |  1- 3 |  4- 6 |  7- 9 | 10-12 || total
-------------------------+-------+-------+-------+-------++-------
Melee: Falchion          |   160 |   154 |   372 |       ||   686
       Headbutt          |    24 |    18 |    77 |    41 ||   160
       Punch             |       |     1 |     3 |     5 ||     9
       Long sword        |       |       |    26 |   214 ||   240
 Fire: Hunting sling     |     6 |    16 |    17 |       ||    39
Throw: Dart              |       |       |       |     6 ||     6
       Javelin           |       |       |       |     1 ||     1
Invok: Fiery Armour      |       |     1 |     6 |       ||     7
Evoke: Wand              |       |       |    12 |     2 ||    14
  Use: Scroll            |       |       |    12 |     1 ||    13
 Stab: Sleeping          |     1 |       |       |       ||     1
Armor: Robe              |    33 |       |       |       ||    33
       Chain mail        |    13 |    90 |   101 |    84 ||   288
       Plate armour      |       |       |   138 |    77 ||   215
Dodge: Dodged            |   103 |    58 |   104 |    59 ||   324
Block: Tower shield      |       |       |       |    30 ||    30

Table legend: (Time is in decaauts)
 A = Elapsed time spent in this place.
 B = Non-inter-level travel time spent in this place.
 C = Inter-level travel time spent in this place.
 D = Time resting spent in this place.
 E = Time spent auto-exploring this place.
 F = Levels seen in this place.
 G = Mean time per level.
                   A        B        C        D        E       F      G
               +--------+--------+--------+--------+--------+-----+--------+
         Total |  11169 |  10772 |    397 |   1266 |   7236 |  11 | 1015.4 |
       Dungeon |  11169 |  10772 |    397 |   1266 |   7236 |  11 | 1015.4 |
               +--------+--------+--------+--------+--------+-----+--------+

Top non-repeatable levels by time:
     D:1: 1806 daAuts
     D:6: 1516 daAuts
     D:2: 1390 daAuts
     D:7: 1339 daAuts
     D:4: 1304 daAuts
     D:9: 1091 daAuts
     D:8: 1087 daAuts
    D:10: 977 daAuts
     D:3: 508 daAuts
     D:5: 123 daAuts
    D:11: 22 daAuts
